 Dungeon Crawl Stone Soup version 0.22.1-2-g9c5b331 (webtiles) character file.

67 HoaS the Ruffian (level 4, 0/29 HPs)
             Began as a Gargoyle Berserker on Dec 29, 2018.
             Was a Believer of Trog.
             Slain by an ice beast (1 damage)
             ... on level 3 of the Dungeon.
             The game lasted 00:03:02 (1337 turns).

HoaS the Ruffian (Gargoyle Berserker)               Turns: 1337, Time: 00:03:03

Health: 0/29       AC:  9    Str: 21    XL:     4   Next: 18%
Magic:  4/4        EV: 11    Int:  7    God:    Trog [**....]
Gold:   128        SH:  0    Dex: 10    Spells: 3/3 levels left

rFire    . . .     SeeInvis .     - Unarmed
rCold    . . .     Gourm    .   (no shield)
rNeg     + . .     Faith    .   g - +0 ring mail
rPois    ∞         Spirit   .   (no helmet)
rElec    +         Reflect  .   (no cloak)
rCorr    .         Harm     .   (no gloves)
MR       .....                  (no boots)
Stlth    ..........             (no amulet)
HPRegen  0.09/turn              (no ring)
MPRegen  0.09/turn              (no ring)

@: no status effects
A: negative energy resistance 1, electricity resistance, unbreathing,
petrification resistance, rot immunity, AC +3
a: Berserk, Trog's Hand, Renounce Religion


You were on level 3 of the Dungeon.
You worshipped Trog.
Trog was pleased with you.
You were hungry.

You visited 1 branch of the dungeon, and saw 3 of its levels.

You collected 128 gold pieces.

Inventory:

Armour
 g - a +0 ring mail (worn)
Scrolls
 e - a scroll of remove curse
 i - 2 scrolls of magic mapping
 j - a scroll of teleportation
 k - 2 scrolls of identify
 n - a scroll of fear {unknown}
 o - a scroll of enchant weapon {unknown}
Potions
 a - a potion of might {unknown}
 c - 3 potions of agility
 f - 2 potions of curing {unknown}
 h - a potion of heal wounds {unknown}
 l - a potion of berserk rage {unknown}
 m - a potion of invisibility {unknown}
Comestibles
 b - 7 rations
 d - 2 chunks of flesh


   Skills:
 + Level 3.8 Fighting
 + Level 2.8 Armour
 + Level 2.1 Dodging
 * Level 3.8 Unarmed Combat


You had 3 spell levels left.
You didn't know any spells.
Your spell library was empty.

Dungeon Overview and Level Annotations

Branches:
Dungeon (3/15)

Altars:


Innate Abilities, Weirdness & Mutations

You are resistant to torment.
Your stone body is resilient. (AC +3)
You are immune to poison.
You resist negative energy. (rN+)
You are resistant to electric shocks. (rElec)
You can survive without breathing.
You are immune to petrification.
You are immune to rotting.


Message History

You kill the rat!
Trog accepts your kill.
You barely miss the ice beast.
The ice beast hits you but does no damage.
You closely miss the ice beast. The ice beast hits you.
The ice beast freezes you!
You hit the ice beast.
The ice beast is lightly wounded.
The ice beast misses you.
You barely miss the ice beast.
The ice beast is lightly wounded.
The ice beast hits you but does no damage.
You hit the ice beast but do no damage.
The ice beast is lightly wounded.
The ice beast hits you. The ice beast freezes you!
* * * LOW HITPOINT WARNING * * *
You barely miss the ice beast.
The ice beast is lightly wounded.
The ice beast hits you.
You die...

#.# # # #.# ..#
.#.#.##.##...#
....Y...##.#.#
#......#
#.##.#.#
#.##.#.###
#Y##.#.#.#
..####@##.#.#.#
#..........#.#.#
#.#####.###....#
##.#......#
.####........##
......#.#...##
### ####.....###
..# ##.#.## #.#
#.#.#


You could see an ice beast.

Vanquished Creatures
  2 adders (D:3)
  A dart slug (D:1)
  4 leopard geckos
  A bat (D:1)
  3 giant cockroaches
  3 goblins
  4 hobgoblins
  5 jackals (D:2)
  9 kobolds
  A ball python (D:1)
  A frilled lizard (D:1)
  10 rats
44 creatures vanquished.

Vanquished Creatures (others)
  A fungus (D:3)
1 creature vanquished.

Grand Total: 45 creatures vanquished

Notes
Turn   | Place    | Note
-------+----------+-------------------------------------------
     0 | D:1      | HoaS the Gargoyle Berserker began the quest for the Orb.
     0 | D:1      | Reached XP level 1. HP: 14/14 MP: 1/1
   215 | D:1      | Reached XP level 2. HP: 18/19 MP: 2/2
   703 | D:1      | Reached XP level 3. HP: 23/23 MP: 3/3
   864 | D:2      | Reached ** piety under Trog
  1305 | D:3      | Reached XP level 4. HP: 25/29 MP: 4/4
  1322 | D:3      | Noticed an ice beast
  1336 | D:3      | HP: 1/29 [ice beast (14)]
  1337 | D:3      | Slain by an ice beast

Skill      XL: |  1  2  3 |
---------------+----------+-----
Dodging        | 2 |  2.1
Fighting       | |  3.8
Armour         | |  2.8
Unarmed Combat | |  3.8

Action                   |  1- 3 |  4- 6 || total
-------------------------+-------+-------++-------
Melee: Unarmed           |   148 |    16 ||   164
       Punch             |       |     1 ||     1
  Use: Scroll            |     5 |       ||     5
  Eat: Chunk             |     1 |       ||     1
Armor: Animal skin       |     4 |       ||     4
       Ring mail         |    50 |     4 ||    54
Dodge: Dodged            |    81 |     6 ||    87
